 Dungeon Crawl Stone Soup version 0.25.0-10-g039870ee82 (webtiles) character file.

Game seed: 15964625167462016372

38182 protoss039 the Sorcerer (level 13, -1/85 HPs)
             Began as a Deep Elf Earth Elementalist on June 22, 2020.
             Was a High Priest of Vehumet.
             Killed by divine providence
             ... invoked by a smoke demon
              (12 damage)
             ... on level 3 of the Abyss on June 23, 2020.
             The game lasted 01:41:56 (17651 turns).

protoss039 the Sorcerer (DEEE)                     Turns: 17651, Time: 01:42:02

Health: -1/85      AC: 27    Str:  5    XL:     13   Next: 62%
Magic:  18/49      EV: 13    Int: 26    God:    Vehumet [*****.]
Gold:   301        SH:  0    Dex: 15    Spells: 24/55 levels left

rFire    + . .     SeeInvis .   h - +1 dagger
rCold    + . .     Gourm    .   (no shield)
rNeg     + . .     Faith    .   (armour currently unavailable)
rPois    ∞         Spirit   .   U - +0 hat
rElec    +         Reflect  .   f - scarf {rC+ rF+}
rCorr    .         Harm     .   (gloves currently unavailable)
MR       +....                  (boots currently unavailable)
Stlth    ++........             y - amulet of regeneration
HPRegen  0.64/turn              m - ring of magical power
MPRegen  0.31/turn              u - ring of wizardry

@: mighty, statue-form, very slightly contaminated, studying Maces & Flails,
very slow
A: no striking features
a: End Transformation, Renounce Religion


You were on level 3 of the Abyss.
You worshipped Vehumet.
Vehumet was extremely pleased with you.
You were hungry.
You were a stone statue.
You visited 2 branches of the dungeon, and saw 16 of its levels.
You visited the Abyss 1 time.
You also visited: Sewer and Bailey.

You collected 1344 gold pieces.
You spent 1043 gold pieces at shops.

Inventory:

Hand Weapons
 h - a +1 dagger (weapon)
Missiles
 b - 101 stones (quivered)
Armour
 f - a scarf of resistance (worn)
 q - a +0 robe of the Archmagi (melded)
 z - a +1 pair of gloves (melded)
 F - a +0 pair of boots (melded)
 R - +0 acid dragon scales
 S - a +1 robe of magic resistance
 U - a +0 hat (worn)
Magical Staves
 J - an uncursed staff of cold {unknown}
Jewellery
 m - a ring of magical power (left hand)
 o - an uncursed ring of fire
 u - a ring of wizardry (right hand)
 v - an uncursed amulet of guardian spirit
 y - an amulet of regeneration (around neck)
 E - an uncursed ring of protection from cold
 N - an uncursed ring of resist corrosion
 O - a cursed amulet of inaccuracy {unknown}
Wands
 w - a wand of iceblast (14)
 H - a wand of clouds (4)
 T - a wand of polymorph (6)
Scrolls
 a - 14 scrolls of remove curse
 c - a scroll of enchant weapon
 g - 2 scrolls of enchant armour
 j - 5 scrolls of amnesia
 t - 8 scrolls of teleportation
 G - a scroll of brand weapon {unknown}
 L - a scroll of immolation {unknown}
 M - a scroll of vulnerability {unknown}
 P - a scroll of summoning {unknown}
Potions
 e - 7 potions of flight
 i - 7 potions of magic
 k - 2 potions of ambrosia
 l - a potion of curing
 r - a potion of brilliance {unknown}
 x - 4 potions of mutation
 A - a potion of resistance {unknown}
 D - a potion of lignification {unknown}
 I - a potion of invisibility {unknown}
Books
 B - a manual of Maces & Flails
Comestibles
 d - 34 rations


   Skills:
 + Level 2.0 Fighting
 - Level 2.4 Dodging
 - Level 2.4 Stealth
 * Level 21.7 Spellcasting
 + Level 4.9 Conjurations
 + Level 1.9 Transmutations
 * Level 14.7 Earth Magic


You had 24 spell levels left.
You knew the following spells:

 Your Spells              Type           Power        Failure   Level  Hunger
a - Sandblast             Erth           ######       0%          1    None
b - Passwall              Tmut/Erth      ######..     1%          2    None
c - Stone Arrow           Conj/Erth      ######       1%          3    None
d - Petrify               Tmut/Erth      ######..     1%          4    None
e - Lee's Rapid Deconstr  Erth           #######...   1%          5    None
f - Fireball              Conj/Fire      #####.....   1%          5    None
g - Statue Form           Tmut/Erth      ######...    2%          6    None
h - Irradiate             Conj/Tmut      #####.....   1%          5    None

Your spell library contained the following spells:

 Spells                   Type           Power        Failure   Level  Hunger
 Iskenderun's Battlesphe  Conj/Chrm      #####...     1%          5    None
 Animate Skeleton         Necr           N/A          1%          1    None
 Apportation              Tloc           ####..       1%          1    None
 Beastly Appendage        Tmut           #####.       1%          1    None
 Corona                   Hex            ####...      1%          1    None
 Infusion                 Chrm           ####         1%          1    None
 Summon Butterflies       Summ           ####....     1%          1    None
 Summon Small Mammal      Summ           ####         1%          1    None
 Shroud of Golubria       Chrm/Tloc      ####..       1%          2    None
 Song of Slaying          Chrm           ####....     1%          2    None
 Sticks to Snakes         Tmut           #####...     1%          2    None
 Confusing Touch          Hex            ####....     1%          3    None
 Gell's Gravitas          Tloc           ####......   1%          3    None
 Lesser Beckoning         Tloc           ####......   1%          3    None
 Ozocubu's Armour         Chrm/Ice       ####....     1%          3    None
 Spectral Weapon          Hex/Chrm       ####....     1%          3    None
 Spider Form              Tmut/Pois      ####......   1%          3    None
 Tukima's Dance           Hex            ####....     1%          3    None
 Yara's Violent Unravell  Hex/Tmut       ####......   3%          5    None
 Ice Form                 Ice/Tmut       ####....     4%          4    None
 Blade Hands              Tmut           #####.....   7%          5    None
 Alistair's Intoxication  Tmut/Pois      ####....     11%         5    None
 Metabolic Englaciation   Hex/Ice        ####......   16%         5    None
 Hydra Form               Tmut           #####.....   34%         6    None
 Invisibility             Hex            ####....     61%         6    None
 Dragon Form              Tmut           #####.....   88%         7    ####...


Dungeon Overview and Level Annotations

Branches:
Dungeon (15/15)            Temple (1/1) D:4            Lair (0/6) D:11
    Orc (0/2) D:11         Vaults (0/5) D:14          Sewer (visited)
 Bailey (visited)
 Depths: D:15

Altars:
Ashenzari
Cheibriados
Dithmenos
Elyvilon
Fedhas
Gozag
Hepliaklqana
Kikubaaqudgha
Makhleb
Nemelex Xobeh
Okawaru
Qazlal
Ru
Sif Muna
Trog
Uskayaw
Vehumet
Wu Jian
Xom
Yredelemnul
Zin
The Shining One
Beogh

Shops:
D:5 !   D:10 [   D:13 (::[}

Annotations:
D:13 3 runed translucent doors, exclusion: 3 doors, MirrMurr's ghost, journeyman GrBe
D:15 Agnes


Message History

* * * LOW HITPOINT WARNING * * *
The smoke demon hits you but does no damage.
You are confused.
You feel invigorated.
The small abomination barely misses you.
The smoke demon hits you but does no damage.
The smoke demon barely misses you.
The smoke demon hits you but does no damage.
The small abomination hits you.
* * * LOW HITPOINT WARNING * * *
Unknown command.
Unknown command.
You feel better.
You feel less invigorated. The smoke demon gestures at you.
Something smites you!
* * * LOW HITPOINT WARNING * * *
The small abomination closely misses you.
The smoke demon gestures at you. Something smites you!
You die...

..# ... . #### # .#
##. . ... .....# .
. . .... ...# .. #
# ######.# .# .
#.############.#
....
##..............# .
.h......x.......#..
#u.h..83.........#
#.h##########..#.
......h.uh...##
.......h h...#
####.. x..... #.
#####..# .... # ..
..... ...##. ....
...# .


You could see a cyan very ugly thing (fleeing), a smoke demon (misshapen), 3
raiju and a small abomination.

Vanquished Creatures
  Josephine (D:11)
  Erolcha (D:12)
  4 vault guards (D:14)
  2 hydras
  A centaur warrior (D:14)
  3 two-headed ogres
  2 tengu warriors (D:14)
  Nergalle (D:11)
  A flayed ghost (Abyss:3)
  A glowing orange brain (Abyss:3)
  An unseen horror (D:13)
  3 large abominations (Abyss:3)
  A deep elf mage (D:14)
  An orc knight (Bailey)
  2 cyclopes
  3 manticores
  A worldbinder (Abyss:2)
  4 ugly things
  The ghost of Azhada the Covered, a novice GrFi of Nemelex Xobeh (D:8)
  A centaur zombie (D:11)
  A gargoyle (D:10)
  2 komodo dragons
  A freezing wraith (D:14)
  2 tengu conjurers
  A merfolk (D:14)
  3 trolls (D:11)
  3 ancient zymes (Abyss:3)
  A hornet (D:12)
  3 slime creatures (D:13)
  6 hippogriffs
  A shadow (D:13)
  2 starcursed masses (Abyss:3)
  9 yaks
  A wyvern (D:14)
  2 vampires
  6 wraiths
  A chaos spawn (Abyss:3)
  A basilisk (D:14)
  6 vampire mosquitoes
  A hungry ghost (D:14)
  An acid dragon (D:13)
  3 ice beasts
  Purgy (Sewer)
  A phantom (D:8)
  6 sky beasts
  10 orc warriors
  A black bear (D:9)
  2 necrophages
  18 centaurs
  11 ogres
  2 crocodiles
  4 big kobolds
  10 bullfrogs
  2 wyvern zombies
  A gnoll sergeant (D:9)
  3 scorpions
  8 killer bees
  24 wights
  3 howler monkeys
  10 crimson imps
  2 bullfrog zombies (D:12)
  9 hounds
  8 jellies
  4 centaur skeletons
  12 orc priests
  3 bullfrog skeletons
  19 orc wizards
  7 iguanas
  9 worker ants
  A worker ant zombie (D:11)
  10 gnolls
  21 adders
  A river rat (D:5)
  A hound simulacrum (D:8)
  3 shadow imps
  4 white imps (D:8)
  A worker ant simulacrum (D:8)
  3 worms
  A dart slug (D:1)
  3 leopard geckos
  69 orcs
  10 bats
  7 giant cockroaches
  9 goblins
  9 hobgoblins
  6 jackals
  2 quokkas
  5 ball pythons
  6 frilled lizards
  32 kobolds
  A leopard gecko skeleton (D:8)
  A quokka simulacrum (D:8)
  3 rats
491 creatures vanquished.

Vanquished Creatures (others)
  A plant (D:4)
1 creature vanquished.

Grand Total: 492 creatures vanquished

Notes
Turn   | Place    | Note
-------+----------+-------------------------------------------
     0 | D:1      | protoss039 the Deep Elf Earth Elementalist began the quest
                  | for the Orb.
     0 | D:1      | Reached XP level 1. HP: 10/10 MP: 6/6
   153 | D:1      | Reached XP level 2. HP: 9/15 MP: 0/8
  1192 | D:2      | Reached XP level 3. HP: 19/19 MP: 8/10
  1251 | D:2      | Reached skill level 4 in Spellcasting
  1904 | D:2      | Reached XP level 4. HP: 19/24 MP: 5/12
  2048 | D:2      | Reached skill level 5 in Spellcasting
  2160 | D:2      | Found a glowing silver altar of Zin.
  2771 | D:3      | Found a faded altar of an unknown god.
  3232 | D:3      | Reached skill level 6 in Spellcasting
  3232 | D:3      | Reached XP level 5. HP: 24/28 MP: 8/15
  3679 | D:4      | Reached skill level 7 in Spellcasting
  3897 | D:4      | Reached skill level 5 in Earth Magic
  3897 | D:4      | Reached XP level 6. HP: 32/32 MP: 18/18
  3940 | D:4      | Learned a level 2 spell: Passwall
  3944 | D:4      | Learned a level 3 spell: Stone Arrow
  3982 | D:4      | Reached skill level 8 in Spellcasting
  3983 | D:4      | Found a staircase to the Ecumenical Temple.
  4354 | Temple   | Entered the Ecumenical Temple
  4447 | Temple   | Became a worshipper of Vehumet
  4590 | D:4      | Reached XP level 7. HP: 31/36 MP: 17/21
  4682 | D:4      | Reached skill level 9 in Spellcasting
  5268 | D:5      | Entered Level 5 of the Dungeon
  5416 | D:5      | Found Hiameatyij's Distillery.
  5543 | D:5      | Reached skill level 10 in Spellcasting
  5631 | D:5      | Reached * piety under Vehumet
  5631 | D:5      | Offered knowledge of Foxfire by Vehumet.
  5661 | D:5      | Found a glowing drain.
  5666 | Sewer    | Entered a sewer
  5718 | Sewer    | Noticed Purgy
  5723 | Sewer    | Killed Purgy
  6111 | D:5      | Reached XP level 8. HP: 41/41 MP: 24/24
  6634 | D:6      | Reached skill level 1 in Conjurations
  6646 | D:6      | Reached skill level 11 in Spellcasting
  6934 | D:6      | Learned a level 4 spell: Petrify
  6940 | D:6      | Learned a level 5 spell: Lee's Rapid Deconstruction
  7023 | D:6      | Reached ** piety under Vehumet
  7023 | D:6      | Reached skill level 12 in Spellcasting
  7159 | D:6      | Offered knowledge of Magic Dart by Vehumet.
  7293 | D:6      | Found a stormy altar of Qazlal.
  8004 | D:7      | Reached XP level 9. HP: 44/46 MP: 27/27
  8113 | D:7      | Offered knowledge of Frozen Ramparts by Vehumet.
  8114 | D:7      | Reached skill level 13 in Spellcasting
  8363 | D:7      | Reached *** piety under Vehumet
  8454 | D:7      | Reached skill level 14 in Spellcasting
  8487 | D:7      | Found a sparkling altar of Nemelex Xobeh.
  8531 | D:7      | Reached skill level 1 in Fighting
  8544 | D:7      | Offered knowledge of Conjure Flame by Vehumet.
  8565 | D:7      | Reached XP level 10. HP: 24/52 MP: 1/30
  8801 | D:7      | Found a blossoming altar of Fedhas.
  8952 | D:7      | Found a hide-covered altar of Uskayaw.
  9492 | D:8      | Noticed Azhada's ghost (novice GrFi)
  9518 | D:8      | Found a runed translucent gate.
  9518 | D:8      | Found a runed translucent gate.
  9518 | D:8      | Found a runed translucent gate.
  9569 | D:8      | Killed Azhada's ghost
  9569 | D:8      | Reached skill level 15 in Spellcasting
  9770 | D:8      | Found a glowing golden altar of the Shining One.
 10204 | D:9      | Reached skill level 16 in Spellcasting
 10211 | D:9      | Reached **** piety under Vehumet
 10212 | D:9      | Found a flagged portal.
 10232 | Bailey   | Entered a bailey
 10299 | Bailey   | Offered knowledge of Bolt of Magma by Vehumet.
 10423 | Bailey   | Reached skill level 10 in Earth Magic
 10427 | Bailey   | Noticed an orc knight
 10434 | Bailey   | Killed an orc knight
 10444 | Bailey   | Found a burning altar of Makhleb.
 10868 | D:9      | Found a roughly hewn altar of Beogh.
 10890 | D:9      | Reached ***** piety under Vehumet
 10890 | D:9      | Offered knowledge of Fireball by Vehumet.
 11110 | D:9      | Reached XP level 11. HP: 56/56 MP: 33/33
 11423 | D:10     | Entered Level 10 of the Dungeon
 11430 | D:10     | Learned a level 5 spell: Fireball
 11447 | D:10     | Reached skill level 17 in Spellcasting
 11546 | D:10     | Found Hudda's Armour Shop.
 12529 | D:11     | Found a staircase to the Lair.
 12568 | D:11     | Noticed a five-headed hydra
 12575 | D:11     | Killed a five-headed hydra
 12582 | D:11     | Reached skill level 18 in Spellcasting
 12877 | D:11     | Noticed Josephine
 12926 | D:11     | Killed Josephine
 13262 | D:11     | Found a staircase to the Orcish Mines.
 13392 | D:11     | Noticed Nergalle
 13399 | D:11     | Killed Nergalle
 13399 | D:11     | Reached skill level 19 in Spellcasting
 13402 | D:11     | Noticed a brown ugly thing
 13407 | D:11     | Killed a brown ugly thing
 13618 | D:12     | Reached XP level 12. HP: 54/62 MP: 32/37
 13646 | D:12     | Noticed a two-headed ogre
 13647 | D:12     | Killed a two-headed ogre
 13930 | D:12     | You fall into a shaft and drop 1 floor!
 14248 | D:12     | Noticed Erolcha
 14250 | D:12     | Killed Erolcha
 14421 | D:12     | Noticed a two-headed ogre
 14426 | D:12     | Killed a two-headed ogre
 14797 | D:13     | Reached skill level 20 in Spellcasting
 14842 | D:13     | Offered knowledge of Freezing Cloud by Vehumet.
 15343 | D:13     | Found Guopor's Book Shoppe.
 15361 | D:13     | Found Fodelo's Armour Shop.
 15366 | D:13     | Found Borchar's Gadget Shop.
 15407 | D:13     | Bought a scarf of resistance for 384 gold pieces
 15407 | D:13     | Bought a +0 pair of boots for 54 gold pieces
 15455 | D:13     | Found Umnusum's Book Emporium.
 15458 | D:13     | Bought a book of Transfigurations for 605 gold pieces
 15465 | D:13     | Learned a level 6 spell: Statue Form
 15471 | D:13     | Learned a level 5 spell: Irradiate
 15629 | D:13     | Found a runed translucent gate.
 15630 | D:13     | Found a runed translucent gate.
 15630 | D:13     | Found a runed translucent gate.
 15630 | D:13     | Noticed a centaur warrior
 15630 | D:13     | Noticed a naga warrior
 15630 | D:13     | Noticed MirrMurr's ghost (journeyman GrBe)
 15631 | D:13     | Found an iron altar of Okawaru.
 15734 | D:13     | Found Quonas's Antique Weapon Shop.
 15735 | D:13     | Noticed an eight-headed hydra
 15740 | D:13     | Killed an eight-headed hydra
 16010 | D:14     | Noticed a tengu warrior
 16010 | D:14     | Noticed a two-headed ogre
 16013 | D:14     | Killed a two-headed ogre
 16015 | D:14     | Killed a tengu warrior
 16076 | D:14     | Reached XP level 13. HP: 66/66 MP: 32/39
 16512 | D:14     | Found a radiant altar of Vehumet.
 16683 | D:14     | Reached skill level 21 in Spellcasting
 16795 | D:14     | Found a gate to the Vaults.
 16803 | D:14     | Offered knowledge of Iskenderun's Battlesphere by Vehumet.
 17317 | D:15     | Entered Level 15 of the Dungeon
 17343 | D:15     | Noticed Agnes
 17348 | D:15     | Cast into level 2 of the Abyss (Agnes)
 17484 | Abyss:3  | Noticed a daeva
 17541 | Abyss:3  | HP: 4/85 [white draconian annihilator/crystal spear (70)]
 17542 | Abyss:3  | Noticed a white draconian annihilator
 17542 | Abyss:3  | Noticed an Executioner
 17557 | Abyss:3  | Noticed a starcursed mass
 17592 | Abyss:3  | Killed a starcursed mass
 17631 | Abyss:3  | Noticed a green very ugly thing
 17649 | Abyss:3  | HP: 3/85 [smoke demon (2)]
 17651 | Abyss:3  | Killed from afar by a smoke demon

Illustrated notes

Levels and vault maps discovered:
D:1:      lemuel_arrival_lava_pool, layout_basic, minmay_tetromino_i2
D:2:      layout_basic, zin_scriptorium, first_ration,
          minmay_misc_feat_secret_circle
D:3:      layout_basic, chequers_ecumenical_altar_simple_redux,
          minmay_misc_feat_iff, minmay_misc_feat_roman
D:4:      layout_cave_pods, minmay_temple_entry_oklob
D:5:      layout_basic, gup_sewer_entry_spiral, serial_shops,
          nicolae_shop_crystal
D:6:      layout_basic, lemuel_doored_altar
D:7:      layout_cave_pools, nicolae_overflow_hidden_temple, kennysheep_mini,
          eat_drink_and_be_merry_uskayaw, minmay_manual_mail
D:8:      layout_basic, nicolae_tso_carved_into_rock, gammafunk_ghost_icy
D:9:      layout_roguey [special_room_orc], enter_bailey_6
D:10:     layout_loops_ring, serial_shops, shop
D:11:     layout_rooms, lair_entry_dummy, david_orc_1_choice, uniq_nergalle,
          uniq_josephine
D:12:     layout_loops_ring, uniq_erolcha
D:13:     layout_long_grid, gammafunk_ghost_fury_of_okawaru, serial_shops,
          nicolae_shop_stone, shop, nicolae_shop_stone,
          nicolae_shop_behind_doors, nicolae_shop_waterfront
D:14:     layout_long_grid, lightli_vaults_fourway_checkpoint, basic_altar,
          hangedman_fish_farm, minmay_misc_feat_more_columns,
          kennysheep_generic_room_12
D:15:     grunt_enter_depths_hoard, layout_basic, serial_glass, glass_columns_a,
          glass_columns_b, uniq_agnes
Temple:   lightli_temple_of_artemis
Abyss:3:  base: D:14, evilmike_abyss_exit_smiterflies,
          eino_small_chamber_without_monster, serial_sigils_hangedman_snap,
          serial_sigils_hangedman_snap, evilmike_abyss_rune_tso_outpost

Skill      XL: |  1  2  3  4  5  6  7  8  9 10 11 12 13 |
---------------+----------------------------------------+-----
Earth Magic    | 4 5 6 7 9 10 11 13 14 | 14.7
Spellcasting   | 4 6 7 8 10 12 14 16 19 20 21 | 21.7
Conjurations   | 2 3 4 |  4.9
Fighting       | 1 2 |  2.0
Dodging        | |  2.4
Stealth        | |  2.4
Transmutations | |  1.9

Action                   |  1- 3 |  4- 6 |  7- 9 | 10-12 | 13-15 || total
-------------------------+-------+-------+-------+-------+-------++-------
Melee: Dagger            |    17 |    20 |     9 |    20 |     3 ||    69
 Cast: Sandblast         |    42 |    84 |    97 |   110 |    21 ||   354
       Stone Arrow       |       |       |    62 |   173 |    43 ||   278
       Lee's Rapid Decon |       |       |    19 |   124 |    45 ||   188
       Passwall          |       |       |       |     3 |     1 ||     4
       Statue Form       |       |       |       |     5 |    12 ||    17
       Irradiate         |       |       |       |     2 |     1 ||     3
Evoke: Wand              |       |     1 |       |       |       ||     1
  Use: Scroll            |       |    11 |     3 |     6 |     9 ||    29
       Potion            |       |       |     1 |     3 |     9 ||    13
 Stab: Sleeping          |     4 |     4 |       |     1 |       ||     9
  Eat: Chunk             |     3 |     8 |    14 |    21 |     4 ||    50
       Ration            |       |       |       |     1 |       ||     1
Armor: Robe              |     5 |     7 |    10 |    11 |     1 ||    34
       Skin              |       |       |       |    27 |    50 ||    77
Dodge: Dodged            |    18 |    32 |    41 |   106 |    73 ||   270
